 Dungeon Crawl Stone Soup version 0.21-a0-538-gd16b88a (webtiles) character file.

1104 mortelune the Destroyer (level 8, -7/41 HPs)
             Began as a Deep Elf Conjurer on Dec 16, 2017.
             Was a Follower of Sif Muna.
             Mangled by a hippogriff (9 damage)
             ... on level 5 of the Dungeon.
             The game lasted 00:21:30 (6740 turns).

mortelune the Destroyer (Deep Elf Conjurer)         Turns: 6740, Time: 00:21:30

Health: -7/41      AC:  3    Str:  7    XL:     8   Next: 11%
Magic:  15/19      EV: 15    Int: 21    God:    Sif Muna [*.....]
Gold:   233        SH:  0    Dex: 15    Spells: 5/19 levels left

rFire    + . .     SeeInvis .   e - +0 whip (venom)
rCold    + . .     Gourm    .   (no shield)
rNeg     . . .     Faith    .   z - +1 robe {rC+ rF+}
rPois    .         Spirit   .   (no helmet)
rElec    .         Reflect  .   (no cloak)
rCorr    .         Harm     .   (no gloves)
MR       .....                  (no boots)
Stlth    ++........             B - amulet of magic regeneration
HPRegen  0.13/turn              (no ring)
MPRegen  0.41/turn              (no ring)

@: no status effects
A: no striking features
a: Divine Energy, Renounce Religion


You were on level 5 of the Dungeon.
You worshipped Sif Muna.
Sif Muna was aware of your devotion.
You were not hungry.

You visited 2 branches of the dungeon, and saw 6 of its levels.

You collected 233 gold pieces.

Inventory:

Hand Weapons
 e - a +0 whip of venom (weapon)
Armour
 t - a +1 ring mail of magic resistance
 z - a +1 robe of resistance (worn)
Jewellery
 w - an uncursed amulet of faith {unknown}
 B - an amulet of magic regeneration (around neck)
Wands
 i - a wand of paralysis (12)
 l - a wand of random effects (34)
Scrolls
 h - a scroll of teleportation
 k - 2 scrolls of remove curse
 n - a scroll of fear
 o - a scroll of random uselessness {unknown}
 q - 2 scrolls of fog {unknown}
 r - a scroll of magic mapping {unknown}
 u - a scroll of enchant armour {unknown}
 v - a scroll of enchant weapon {unknown}
Potions
 f - 2 potions of heal wounds
 g - 2 potions of brilliance
 m - a potion of berserk rage
 p - 2 potions of agility
 s - a potion of mutation {unknown}
 x - a potion of flight {unknown}
Books
 b - a book of Conjurations

   Spells                             Type                      Level
   a - Magic Dart                     Conjuration                  1
   b - Searing Ray                    Conjuration                  2
   c - Dazzling Spray                 Conjuration/Hexes            3
   d - Fulminant Prism                Conjuration/Hexes            4
   e - Force Lance                    Conjuration/Translocation    4
   f - Iskenderun's Mystic Blast      Conjuration                  4
Comestibles
 a - 2 chunks of flesh
 c - 3 bread rations
 d - 2 royal jellies
 j - 5 meat rations


   Skills:
 + Level 5.7 Dodging
 - Level 2.4 Stealth
 + Level 6.4 Spellcasting
 * Level 8.2 Conjurations
 + Level 4.4 Hexes


You had 5 spell levels left.
You knew the following spells:

 Your Spells              Type           Power        Failure   Level  Hunger
a - Magic Dart            Conj           ####         1%          1    None
b - Searing Ray           Conj           #####.       1%          2    None
c - Dazzling Spray        Conj/Hex       ####..       1%          3    #......
d - Iskenderun's Mystic   Conj           #####...     3%          4    ###....
e - Fulminant Prism       Conj/Hex       ####......   7%          4    ###....


Dungeon Overview and Level Annotations

Branches:
Dungeon (5/15)             Temple (1/1) D:4

Altars:
Qazlal
Sif Muna
The Shining One


Message History

The hippogriff is severely wounded.
You finish channeling your searing ray.
The orc priest moves out of view.
The hippogriff bites you! The hippogriff pecks you!
The hippogriff claws you but does no damage.
The hippogriff barely misses you. The hippogriff pecks you.
The hippogriff claws you.
Casting: Searing Ray
Confirm with . or Enter, or press ? or * to list all spells.
Aiming: Magic Dart
Press: ? - help, Shift-Dir - straight line, f/p - hippogriff
Aim: a hippogriff (severely wounded)
The magic dart hits the hippogriff.
The hippogriff is severely wounded.
The orc priest calls down the wrath of Beogh upon you.
Beogh smites you!
* * * LOW HITPOINT WARNING * * *
The hippogriff bites you.
* * * LOW HITPOINT WARNING * * *
The hippogriff barely misses you. The hippogriff claws you!
You die...

# .. ..# .o.. ####o.#
.#......#
##....###.........#
##.@.......#.......#
#..#H.%.... #......#
#.##....... #.......
#.##.......##....O.#
######.##.......##......#
##..#.>.##..............o#
#.....####.......##.......
#......###.......####....#
##.......#.......# #.##..


You could see a hippogriff, an orc priest and an orc.

Vanquished Creatures
  2 phantoms
  An ogre (D:4)
  A crimson imp (D:5)
  A jelly (D:5)
  A bullfrog skeleton (D:4)
  2 orc priests
  3 hounds
  4 orc wizards
  An iguana (D:4)
  Jessica (D:2)
  7 worker ants
  Natasha (twice) (D:2)
  Robin (D:2)
  8 adders
  2 shadow imps (D:5)
  2 oozes
  An adder skeleton (D:4)
  2 worms
  A dart slug (D:2)
  6 leopard geckos
  7 orcs
  A ball python (D:5)
  5 bats
  6 giant cockroaches
  9 hobgoblins
  8 jackals
  A ball python zombie (D:5)
  17 frilled lizards
  15 goblins
  3 kobolds
  A leopard gecko skeleton (D:4)
  8 rats
  A butterfly (D:4)
131 creatures vanquished.

Vanquished Creatures (others)
  A fulminant prism (D:5)
1 creature vanquished.

Grand Total: 132 creatures vanquished

Notes
Turn   | Place    | Note
-------+----------+-------------------------------------------
     0 | D:1      | mortelune the Deep Elf Conjurer began the quest for the Orb.
     0 | D:1      | Reached XP level 1. HP: 10/10 MP: 6/6
   355 | D:1      | Reached XP level 2. HP: 15/15 MP: 6/8
   422 | D:1      | Learned a level 2 spell: Searing Ray
   688 | D:1      | Reached skill level 5 in Conjurations
   837 | D:1      | Reached XP level 3. HP: 19/19 MP: 6/9
  1304 | D:2      | Noticed Robin
  1441 | D:2      | Learned a level 3 spell: Dazzling Spray
  1474 | D:2      | Noticed Jessica
  1479 | D:2      | Killed Jessica
  1479 | D:2      | Reached XP level 4. HP: 24/24 MP: 2/11
  1573 | D:2      | Noticed Natasha
  1574 | D:2      | Killed Natasha
  1586 | D:2      | Killed Robin
  2173 | D:2      | Found a glowing golden altar of the Shining One.
  2180 | D:2      | Reached XP level 5. HP: 28/28 MP: 9/13
  2200 | D:2      | Noticed Natasha
  2204 | D:2      | Killed Natasha
  2204 | D:2      | Reached skill level 6 in Conjurations
  2268 | D:2      | Learned a level 4 spell: Iskenderun's Mystic Blast
  2727 | D:3      | Found a deep blue altar of Sif Muna.
  2895 | D:3      | Reached skill level 1 in Hexes
  3026 | D:3      | Reached XP level 6. HP: 20/32 MP: 10/15
  3147 | D:3      | Became a worshipper of Sif Muna the Loreminder
  3711 | D:4      | Found a staircase to the Ecumenical Temple.
  4021 | Temple   | Entered the Ecumenical Temple
  4099 | D:4      | Reached skill level 5 in Spellcasting
  4795 | D:4      | Found a stormy altar of Qazlal.
  4798 | D:4      | Noticed an air elemental
  4820 | D:4      | Noticed a water elemental
  4820 | D:4      | Noticed a fire elemental
  5017 | D:4      | Reached skill level 7 in Conjurations
  5017 | D:4      | Reached XP level 7. HP: 36/36 MP: 3/17
  5376 | D:4      | Learned a level 4 spell: Fulminant Prism
  5400 | D:5      | Entered Level 5 of the Dungeon
  5411 | D:5      | Reached skill level 5 in Dodging
  5426 | D:4      | Reached * piety under Sif Muna
  5843 | D:5      | Reached skill level 8 in Conjurations
  6027 | D:5      | Reached XP level 8. HP: 41/41 MP: 9/19
  6303 | D:5      | Noticed a two-headed ogre
  6734 | D:5      | Noticed a hippogriff
  6740 | D:5      | HP: 2/41 [hippogriff (3)]
  6740 | D:5      | Mangled by a hippogriff

Vault maps used:
D:1:      dpeg_arrival_leaves_temple_mockup, kennysheep_crisscross,
          minmay_lizard_pond
D:2:      nicolae_tso_carved_into_rock, uniq_robin, uniq_jessica, uniq_natasha
D:3:      nicolae_overflow_crystal_walls, first_bread
D:4:      minmay_temple_entry_butterflies, serial_forest,
          infiniplex_forest_lined_3, infiniplex_forest_fountain,
          infiniplex_forest_clump_diagonal, infiniplex_forest_lined_2,
          infiniplex_forest_clump_tiny, infiniplex_forest_lined_corner,
          infiniplex_forest_lined_3_way, nicolae_qazlal_style_of_elements
D:5:      grunt_temple_overflow_champion_of_chaos
Temple:   nicolae_temple_elliptical

Skill      XL: |  1  2  3  4  5  6  7 |
---------------+----------------------+-----
Conjurations   | 5 6 7 8 |  8.2
Dodging        | 3 4 5 |  5.7
Spellcasting   | 4 5 6 |  6.4
Hexes          | 1 3 4 |  4.4
Stealth        | |  2.4

Action                   |  1- 3 |  4- 6 |  7- 9 || total
-------------------------+-------+-------+-------++-------
Melee: Whip              |       |    25 |     7 ||    32
 Cast: Magic Dart        |    52 |   130 |    41 ||   223
       Searing Ray       |     5 |    14 |    19 ||    38
       Dazzling Spray    |       |    12 |     7 ||    19
       Iskenderun's Myst |       |     7 |       ||     7
       Fulminant Prism   |       |       |     1 ||     1
  Use: Scroll            |       |     8 |     2 ||    10
       Potion            |       |     1 |       ||     1
 Stab: Invisible         |       |       |     1 ||     1
  Eat: Chunk             |       |    13 |     7 ||    20
Armor: Robe              |     1 |     9 |     5 ||    15
Dodge: Dodged            |     5 |    43 |    31 ||    79

Table legend:
 A = Spawn XP
 B = Non-spawn XP
 C = Spawn XP percentage of total XP
 D = Spawn monster count
 E = Non-spawn monster count
 F = Spawn count percentage of total count
 G = Total turns spent on level
                    A         B        C        D         E        F      G
               +---------+---------+-------+---------+---------+-------+---------
         Total |       0 |    1578 |   0.0 |       0 |     130 |   0.0 |  6740
               +---------+---------+-------+---------+---------+-------+---------
           D:1 |       0 |      56 |   0.0 |       0 |      29 |   0.0 |  1518
           D:2 |       0 |     199 |   0.0 |       0 |      33 |   0.0 |  1025
           D:3 |       0 |     154 |   0.0 |       0 |      25 |   0.0 |  1113
           D:4 |       0 |     615 |   0.0 |       0 |      21 |   0.0 |  2249
           D:5 |       0 |     554 |   0.0 |       0 |      22 |   0.0 |   770
               +---------+---------+-------+---------+---------+-------+---------
